 Dungeon Crawl Stone Soup version 0.31.0 (webtiles) character file.

Game seed: 44105614039405004

29 qw the Shooter (level 3, 0/21 HPs)
             Began as a Gargoyle Hunter on Jan 19, 2024.
             Slain by Sigmund
             ... wielding a +3 scythe of flaming
              (4 damage)
             ... on level 2 of the Dungeon.
             The game lasted 00:00:04 (1198 turns).

qw the Shooter (Gargoyle Hunter)                    Turns: 1198, Time: 00:00:05

Health: 0/21       AC:  6    Str: 14    XL:     3   Next: 16%
Magic:  3/3        EV: 11    Int:  9    God:
Gold:   69         SH:  0    Dex: 15    Spells: 2/2 levels left

rFire   . . .        a - +0 shortbow
rCold   . . .        (shield currently unavailable)
rNeg    + . .        c - +0 leather armour
rPois   inf          (no helmet)
rElec   +            (no cloak)
rCorr   .            (no gloves)
SInv    .            (no boots)
Will    .....        (no amulet)
Stlth   ++           (no ring)
HPRegen 0.23/turn    (no ring)
MPRegen 0.08/turn

%: no passive effects
@: no status effects
A: sickness immunity, AC +3, negative energy resistance 1, electricity
resistance, torment resistance 1, petrification resistance
a: no special abilities


You were on level 2 of the Dungeon.
You visited 1 branch of the dungeon, and saw 2 of its levels.

You collected 69 gold pieces.


Innate Abilities, Weirdness & Mutations

You are immune to sickness and miasma.
Your stone body is resilient. (AC +3)
You are immune to poison.
You resist negative energy. (rN+)
You are resistant to electric shocks. (rElec)
You are resistant to unholy torment.
You are immune to petrification.


   Skills:
 + Level 2.2 Fighting
 - Level 5.0 Ranged Weapons
 - Level 1.5 Dodging
 - Level 1.1 Stealth


You had 2 spell levels left.
You didn't know any spells.
Your spell library was empty.

Inventory:

Hand Weapons
 a - a +0 shortbow (weapon)
Armour
 c - a +0 leather armour (worn)
Scrolls
 b - a scroll of teleportation
Potions
 f - a potion of might {unknown}

Dungeon Overview and Level Annotations

Branches:
Dungeon (2/15)

Altars:

Annotations:
D:2 Sigmund


Message History

There is a stone staircase leading down here.
You start resting.
HP restored.
Done exploring.
What level of the Dungeon? (default 2, ? - help)
You climb downwards.
Level annotation: Sigmund Sigmund points at you and mumbles some strange words.
The magic dart hits you! Sigmund casts a spell at you. The magic dart hits you.
There is a stone staircase leading up here.
1157 ||| STAIRDANCE You climb upwards.
There is a stone staircase leading down here.
You start resting.
HP restored.
Done exploring.
What level of the Dungeon? (default 2, ? - help)
You climb downwards.
Level annotation: Sigmund
There is a stone staircase leading up here.
Sigmund is nearby!
You shoot an arrow.
The arrow hits Sigmund but does no damage.
Sigmund is moderately wounded.
You shoot an arrow. The arrow hits Sigmund.
Sigmund is moderately wounded.
Sigmund gestures at you while chanting. The puff of flame misses you.
You shoot an arrow.
The arrow hits Sigmund but does no damage.
Sigmund is moderately wounded.
Sigmund hits you from afar with a +3 scythe of flaming.
Sigmund burns you.
1198 ||| STAIRDANCE Sigmund hits you from afar with a +3 scythe of flaming!
Sigmund burns you.
You die...
Sigmund begins carving another notch in his scythe.

#. #. #. #.## #.#
#... #.# #..# #.#
#..# #.# #.@## #.#
#...# #{# ##@.# #.#
#%.# #.######..####
#######..{.........##
...%................#
#######........##...#
##.####### ...#


You could see Sigmund.

Vanquished Creatures
  A dart slug (D:1)
  2 bats
  4 endoplasms (D:1)
  3 goblins (D:1)
  4 hobgoblins (D:1)
  A quokka (D:1)
  4 ball pythons (D:1)
  3 frilled lizards
  2 rats
24 creatures vanquished.

Notes
Turn   | Place    | Note
-------+----------+-------------------------------------------
     0 | D:1      | qw the Gargoyle Hunter began the quest for the Orb.
     0 | D:1      | Reached XP level 1. HP: 12/12 MP: 1/1
     0 | D:1      | 0 ||| qw: Version: 0.3-a-132-g3d54051
     0 | D:1      | 0 ||| qw: Game counter: 317
     0 | D:1      | 0 ||| qw: Melee chars always use a shield: true
     0 | D:1      | 0 ||| qw: God list: Okawaru
     0 | D:1      | 0 ||| qw: Allow faded altars: false
     0 | D:1      | 0 ||| qw: Do Orc after clearing Dungeon:15 true
     0 | D:1      | 0 ||| qw: Do second Lair branch before Depths: true
     0 | D:1      | 0 ||| qw: Lair rune preference: random
     0 | D:1      | 0 ||| qw: Goals: Normal
     0 | D:1      | 0 ||| PLANNING D:1-11
   175 | D:1      | Reached XP level 2. HP: 16/17 MP: 2/2
   418 | D:1      | Reached XP level 3. HP: 21/21 MP: 3/3
   717 | D:1      | 717 ||| READING scroll labelled FEXKUL PYH TEUKA.
   720 | D:1      | 720 ||| DRINKING 2 murky inky potions.
   721 | D:1      | 721 ||| DROPPING scroll of butterflies.
   772 | D:2      | Reached skill level 5 in Ranged Weapons
   799 | D:2      | Noticed Sigmund
   806 | D:2      | 806 ||| FLEEEEING.
   817 | D:2      | 817 ||| FLEEEEING.
   818 | D:2      | 818 ||| STAIRDANCE
   852 | D:2      | 852 ||| STAIRDANCE
   916 | D:2      | 916 ||| STAIRDANCE
   978 | D:2      | 978 ||| STAIRDANCE
   980 | D:2      | 980 ||| STAIRDANCE
   982 | D:2      | 982 ||| STAIRDANCE
   984 | D:2      | 984 ||| STAIRDANCE
   985 | D:2      | HP: 5/21 [Sigmund/+3 scythe of flaming (7)]
   986 | D:2      | 986 ||| STAIRDANCE
   986 | D:2      | HP: 2/21 [Sigmund/+3 scythe of flaming (1)]
  1073 | D:2      | 1073 ||| STAIRDANCE
  1075 | D:2      | 1075 ||| STAIRDANCE
  1077 | D:1      | 1077 ||| DRINKING potion of curing.
  1077 | D:1      | 1077 ||| (to cure confusion)
  1084 | D:2      | 1084 ||| STAIRDANCE
  1098 | D:2      | 1098 ||| STAIRDANCE
  1129 | D:2      | 1129 ||| STAIRDANCE
  1139 | D:2      | 1139 ||| STAIRDANCE
  1157 | D:2      | 1157 ||| STAIRDANCE
  1198 | D:2      | 1198 ||| STAIRDANCE
  1198 | D:2      | HP: 4/21 [Sigmund/+3 scythe of flaming (8)]
  1198 | D:2      | Slain by Sigmund

Levels and vault maps discovered:
D:1:      giann_horns, layout_loops_ring
D:2:      layout_loops_ring, uniq_sigmund

Skill      XL: |  1  2  3 |
---------------+----------+-----
Ranged Weapons | 5 |  5.0
Fighting       | |  2.2
Dodging        | |  1.5
Stealth        | |  1.1

Action                     || total
---------------------------++-------
   Fire: Shortbow          ||    90
    Use: Potion            ||     2
         Scroll            ||     1
 Armour: Leather armour    ||    30
  Dodge: Dodged            ||    15

Table legend:
 A = Non-vault XP
 B = Vault XP
 C = Vault XP percentage of total XP
 D = Non-vault monster count
 E = Vault monster count
 F = Vault count percentage of total count
                 A         B        C        D         E       F
            +---------+---------+-------+---------+---------+-------
      Total |      42 |       0 |   0.0 |      24 |       0 |   0.0
            +---------+---------+-------+---------+---------+-------
        D:1 |      38 |       0 |   0.0 |      21 |       0 |   0.0
        D:2 |       4 |       0 |   0.0 |       3 |       0 |   0.0
            +---------+---------+-------+---------+---------+-------
